 Dungeon Crawl Stone Soup version 0.30-b1-2-g02819fbbbe (webtiles) character file.

Game seed: 17142398525265059502

222 Fartwhistle the Changer (level 5, -14/33 HPs)
             Began as an Octopode Transmuter on May 25, 2023.
             Was an Initiate of Gozag.
             Killed by an exploding adder (37 damage)
             ... ignited by their inner flame
             ... in the Ecumenical Temple.
             The game lasted 00:11:37 (3838 turns).

Fartwhistle the Changer (Octopode Transmuter)       Turns: 3838, Time: 00:11:38

Health: -14/33     AC:  1    Str:  9    XL:     5   Next: 99%
Magic:  9/9        EV: 13    Int: 18    God:    Gozag
Gold:   142        SH:  0    Dex: 12    Spells: 2/10 levels left

rFire   . .          .
                       - Unarmed
rCold   + . .        (no shield)
rNeg    . . .        (helmet restricted)
rPois   .            b - amulet of the acrobat
rElec   .            d - ring of protection from cold
rCorr   .            (no ring)
SInv    .            (no ring)
Will    .....        (no ring)
Stlth   ++           (no ring)
HPRegen 0.25/turn    (no ring)
MPRegen 0.11/turn    (no ring)
                     (no ring)

%: acrobat
@: lethally poisoned (-14 -> -18), weakened, gold aura, very slightly
contaminated
A: almost no armour, amphibious, 8 rings, camouflage 1, gelatinous body 1,
(nimble swimmer 1), tentacles
a: Renounce Religion, Potion Petition, Call Merchant, Bribe Branch


You were in the Ecumenical Temple.
You worshipped Gozag.
Gozag was aware of your devotion.
You visited 2 branches of the dungeon, and saw 6 of its levels.

You collected 227 gold pieces.
You paid 85 gold pieces to Gozag.

Inventory:

Missiles
 f - 5 atropa-tipped darts
 o - 6 poisoned darts
 v - a throwing net
Magical Staves
 k - a staff of conjuration
Jewellery
 b - an amulet of the acrobat (around mantle)
 d - a ring of protection from cold (left tentacle)
 s - a ring of ice
 A - an amulet of reflection
Scrolls
 c - 2 scrolls of vulnerability
 g - a scroll of fog
 l - a scroll of enchant armour
 n - 3 scrolls of noise
 p - 2 scrolls of fear {unknown}
 u - a scroll of teleportation {unknown}
 x - a scroll of poison
 y - a scroll of enchant weapon {unknown}
 z - a scroll of torment {unknown}
Potions
 a - a potion of haste {unknown}
 e - a potion of curing
 h - 3 potions of brilliance
 j - 2 potions of magic
 m - a potion of flight {unknown}
 t - a potion of heal wounds {unknown}
 w - a potion of might {unknown}


   Skills:
 + Level 1.4 Fighting
 - Level 2.0 Dodging
 - Level 3.0 Unarmed Combat
 - Level 3.1 Spellcasting
 * Level 4.7 Transmutations
 + Level 2.2 Poison Magic


You had 2 spell levels left.
You knew the following spells:

 Your Spells              Type           Power      Damage    Failure   Level
a - Beastly Appendage     Tmut           38%        N/A       2%          1
b - Spider Form           Tmut/Pois      15%        N/A       12%         3
c - Ice Form              Ice/Tmut       11%        N/A       52%         4

Your spell library contained the following spells:

 Spells                   Type           Power      Damage    Failure   Level
 Wereblood                Tmut           19%        N/A       3%          2
 Freeze                   Ice            8%         1d3       16%         1
 Shock                    Conj/Air       8%         1d3       16%         1
 Summon Small Mammal      Summ           8%         N/A       16%         1
 Lesser Beckoning         Tloc           4%         N/A       24%         2
 Call Canine Familiar     Summ           2%         N/A       43%         3
 Frozen Ramparts          Ice            4%         1d1       43%         3
 Gell's Gravitas          Tloc           2%         N/A       43%         3
 Hailstorm                Conj/Ice       2%         3d3       43%         3
 Summon Guardian Golem    Hex/Summ       2%         N/A       43%         3
 Teleport Other           Tloc           2%         N/A       43%         3
 Airstrike                Air            1%         2d(1-17)  85%         4
 Conjure Ball Lightning   Conj/Air       1%         3x3d6     100%        6


Dungeon Overview and Level Annotations

Branches:
Dungeon (5/15)             Temple (1/1) D:5

Altars:
Ashenzari
Cheibriados
Dithmenos
Elyvilon
Fedhas
Gozag
Hepliaklqana
Kikubaaqudgha
Nemelex Xobeh
Okawaru
Qazlal
Ru
Sif Muna
Vehumet
Wu Jian
Xom
Yredelemnul
Zin
The Shining One

Annotations:
D:4 4 transporters, jombi's ghost, amateur DgTm
D:5 Ijyb


Innate Abilities, Weirdness & Mutations

You cannot wear most types of armour.
You are amphibious.
You can wear up to eight rings at the same time.
Your skin changes colour to match your surroundings (Stealth+).
Your rubbery body absorbs attacks. (AC +1, EV +1)
((You are camouflaged when in or above water. (Stealth+)))
You have tentacles for arms and can constrict up to eight enemies at once.


Message History

The adder closely misses you.
Okay, then.
It was a potion of ambrosia.
You are confused.
You feel invigorated.
You feel sick. The gnoll bouda misses you. The adder barely misses you.
You're too confused to move!
You feel sick.
You are no longer poisoned.
The adder bites you. The gnoll bouda misses you.
You miss the gnoll bouda. Your squeeze misses the gnoll bouda.
The adder bites you.
The gnoll bouda gazes fiercely through you!
You feel your attacks grow feeble.
The gnoll bouda hits you with a +0 whip.
* * * LOW HITPOINT WARNING * * *
You tentacle-slap the gnoll bouda but do no damage.
The adder completely misses you. The gnoll bouda barely misses you.
The adder closely misses you.
You closely miss the gnoll bouda. The adder misses you.
The gnoll bouda closely misses you.
You tentacle-slap the gnoll bouda but do no damage.
Flame seeps out of the gnoll bouda.
You tentacle-slap the gnoll bouda. Your squeeze misses the gnoll bouda.
The gnoll bouda is lightly wounded.
The adder bites you.
You are poisoned.
The adder poisons you!
The gnoll bouda is engulfed in blazing flames.
Flame seeps out of the gnoll bouda.
The gnoll bouda completely misses you.
You tentacle-slap the adder.
Flame seeps out of the adder.
The adder is lightly wounded.
You feel less invigorated.
You feel less confused.
You feel sick.
The adder is engulfed in blazing flames.
The adder explodes!
The fiery explosion engulfs you!!!
Ouch! That really hurt!
You die...
Your body crumbles into a pile of gold. ☼○○○☼☼°°°°○○☼○° °○°○°☼☼○○☼○☼°○° ○☼○☼°○☼○☼○○○○☼☼

○○☼_._._._._°○○
○○○.........○○°
○☼○_......._○○○
○○○....g....☼○○
○○☼..§§@..._○☼○
°○°..§○§....☼○○
☼○☼_.§§...._☼○☼
☼○○.........○○○
°☼○_._._._._☼○°


○°°○○☼○○○○☼°○☼○ ○☼○○☼○○○○○☼°☼°☼ ○°°☼°☼°°☼☼○○°○○ ############### You could see a
gnoll bouda (inner flame).

Vanquished Creatures
  An orc priest (D:3)
  An iguana (D:5)
  An orc wizard (D:3)
  A gnoll (Temple)
  5 adders
  An ufetubus (D:4)
  2 worms
  2 dart slugs (D:3)
  4 orcs (D:3)
  4 bats (D:2)
  6 endoplasms
  6 giant cockroaches
  4 goblins
  9 hobgoblins
  10 jackals
  8 kobolds
  2 quokkas
  4 ball pythons
  A frilled lizard (D:1)
  A rat (D:2)
73 creatures vanquished.

Vanquished Creatures (others)
  6 plants (D:4)
6 creatures vanquished.

Grand Total: 79 creatures vanquished

Notes
Turn   | Place    | Note
-------+----------+-------------------------------------------
     0 | D:1      | Fartwhistle the Octopode Transmuter began the quest for the
                  | Orb.
     0 | D:1      | Reached XP level 1. HP: 13/13 MP: 3/3
   263 | D:1      | Reached XP level 2. HP: 17/18 MP: 5/5
   876 | D:2      | Reached skill level 3 in Transmutations
   971 | D:2      | Reached XP level 3. HP: 23/23 MP: 6/6
   975 | D:2      | Learned a level 3 spell: Spider Form
  1416 | D:2      | Reached XP level 4. HP: 28/28 MP: 8/8
  1985 | D:3      | Reached skill level 4 in Transmutations
  1985 | D:3      | Reached skill level 1 in Poison Magic
  1991 | D:3      | Reached XP level 5. HP: 23/33 MP: 6/9
  2266 | D:3      | HP: 1/49 [orc priest/+0 hand axe (3)]
  2467 | D:3      | Found a hazy altar of Hepliaklqana.
  2716 | D:4      | Found an opulent altar of Gozag.
  2773 | D:4      | Found a transporter.
  2865 | D:4      | Found a transporter.
  2893 | D:4      | Got the Papyrus of the Brume
  3056 | D:4      | Found an iron altar of Okawaru.
  3102 | D:4      | Found a shimmering altar of Xom.
  3205 | D:4      | Noticed jombi's ghost (amateur DgTm)
  3208 | D:4      | Found a transporter.
  3268 | D:4      | Found a transporter.
  3321 | D:4      | Became a worshipper of Gozag Ym Sagoz the Greedy
  3347 | D:5      | Entered Level 5 of the Dungeon
  3381 | D:5      | Noticed Ijyb
  3563 | D:5      | Found a staircase to the Ecumenical Temple.
  3617 | Temple   | Entered the Ecumenical Temple
  3825 | Temple   | Learned a level 4 spell: Ice Form
  3838 | Temple   | Killed by an exploding adder... ignited by their inner
                  | flame

Illustrated notes

Levels and vault maps discovered:
D:1:      evilmike_arrival_crescent, layout_loops_ring, serial_bayou_ford_a,
          minmay_tromino_v4_a
D:2:      layout_basic
D:3:      layout_loops_cross, mainiacjoe_overflow_catwalk, hangedman_decor_push,
          minmay_distorted
D:4:      gammafunk_wand_slinger, layout_rooms,
          mainiacjoe_overflow_large_starburst, nicolae_gozag_seed_capital,
          gammafunk_ghost_gnarly_gnolls
D:5:      layout_loops_ring, eat_drink_and_be_merry_uskayaw,
          lemuel_crystal_altar, minmay_temple_entry_ruins, serial_shops,
          nicolae_shop_stone, nicolae_specific_store, uniq_ijyb
Temple:   minmay_freezing_vapour_temple

Skill      XL: |  1  2  3  4  5 |
---------------+----------------+-----
Transmutations | 3 4 |  4.7
Poison Magic   | 1 2 |  2.2
Spellcasting   | 3 |  3.1
Fighting       | |  1.4
Dodging        | |  2.0
Unarmed Combat | |  3.0

Action                     |  1- 3 |  4- 6 || total
---------------------------+-------+-------++-------
  Melee: Unarmed           |    76 |   140 ||   216
         Constrict         |    19 |    20 ||    39
         Kick              |    14 |       ||    14
         Tentacles         |     9 |    16 ||    25
         Punch             |       |     3 ||     3
   Cast: Beastly Appendage |     5 |       ||     5
         Spider Form       |       |     8 ||     8
    Use: Potion            |     1 |     4 ||     5
         Scroll            |       |     8 ||     8
   Stab: Sleeping          |     4 |     2 ||     6
 Armour: Skin              |     8 |    12 ||    20
  Dodge: Dodged            |    48 |   124 ||   172
